 Dungeon Crawl Stone Soup version 0.16.2-2-g470672f (webtiles) character file.

112 SquirrelVicious the Ruffian (level 4, -2/44 HPs)
             Began as a Troll Monk on Aug 25, 2015.
             Slain by an orc priest
             ... wielding a +0 hand axe
              (4 damage)
             ... on level 4 of the Dungeon.
             The game lasted 00:13:49 (2074 turns).

SquirrelVicious the Ruffian (Troll Monk)            Turns: 2074, Time: 00:13:50

Health: -2/44      AC:  6    Str: 20    XL:     4   Next: 63%
Magic:  2/2        EV: 11    Int:  6    God:
Gold:   215        SH:  0    Dex: 12    Spells: 0 memorised, 3 levels left

rFire  . . .     SeeInvis .       - Unarmed
rCold  . . .     Clarity  .     i - +0 robe
rNeg   . . .     SustAb   .     (shield restricted)
rPois  .         Gourm    +     (helmet restricted)
rElec  .         Spirit   .     j - +0 cloak
rCorr  .         Warding  .     (gloves unavailable)
rMut   .         Stasis   .     (boots unavailable)
MR     .....                    (no amulet)
Stlth  +.........               (no ring)
                                (no ring)

@: not resistant to hostile enchantments, very unstealthy
A: unfitting armour, claws 3, fast metabolism 3, gourmand, regeneration 2,
shaggy fur 1, tough skin 2
a: no special abilities


You were on level 4 of the Dungeon.
You were not hungry.

You visited 1 branch of the dungeon, and saw 4 of its levels.

You collected 215 gold pieces.

Inventory:

Armour
 i - a +0 robe (worn)
 j - a +0 cloak (worn)
Magical devices
 m - a wand of teleportation (4)
Scrolls
 a - 3 scrolls of identify {unknown}
 c - a scroll of noise {unknown}
 e - 2 scrolls of teleportation {unknown}
 n - a scroll of remove curse {unknown}
 o - a scroll of enchant armour {unknown}
 p - a scroll of fear {unknown}
 r - a scroll of immolation {unknown}
Potions
 d - 5 potions of curing {unknown}
 f - 2 potions of resistance {unknown}
 g - 2 potions of heal wounds {unknown}
 k - 2 potions of ambrosia {unknown}
 l - 2 potions of cancellation {unknown}
Books
 q - a book of Debilitation

   Spells                             Type                      Level
   a - Corona                         Hexes                        1
   b - Slow                           Hexes                        2
   c - Inner Flame                    Hexes/Fire                   3
   d - Enslavement                    Hexes                        4
   e - Cause Fear                     Hexes                        4
   f - Leda's Liquefaction            Hexes/Earth                  4
Comestibles
 b - 2 meat rations
 h - 2 bread rations


   Skills:
 + Level 2.8 Fighting
 + Level 3.2 Dodging
 - Level 1.1 Stealth
 * Level 5.2 Unarmed Combat


You had 3 spell levels left.
You didn't know any spells.

Dungeon Overview and Level Annotations

Branches:
Dungeon (4/15)
 Temple: D:4-7

Altars:
Fedhas


Innate Abilities, Weirdness & Mutations

You are too large for most types of armour.
You have claws for hands.
Your metabolism is lightning-fast.
You like to eat raw meat.
You heal very quickly.
You are covered in fur (AC +1).
You have very tough skin (AC +2).


Message History

The orc priest is heavily wounded.
The orc priest calls down the wrath of Beogh upon you.
Pain shoots through your body! The orc wizard hits you with a dagger.
The orc shouts!
You scratch the orc priest but do no damage.
The orc priest is heavily wounded.
The orc priest calls down the wrath of Beogh upon you.
Something smites you! The orc wizard hits you with a dagger.
You barely miss the orc priest.
The orc priest is heavily wounded.
The orc priest is no longer bleeding.
The orc priest invokes the aid of Beogh against you.
Something smites you!
* * * LOW HITPOINT WARNING * * *
The orc wizard hits you but does no damage.
You scratch the orc priest.
The orc priest begins to bleed from its wounds!
The orc priest is almost dead.
The orc priest hits you with a hand axe.
You die...

.. ..# #.#.#
#....o####.#.#.... .#
#.# #.#.######..#
#.........
.###.###...........#
...s...o.
...........#####...#
###..o....
..##.######### #...# #
......( ..#..### #...#
###s#.# ...... ..#....#
#...# #o...# .....
(.####.# #...####o..##
....
.......###......@o#.##
.
.#...................#
.#...............#...#
.#.).............#....#
........)........#....#
##...............#.....
.......#...#..)..#!..#
.......#.#.#.....#. .
.......#.#.#.....#


You could see an orc priest (bleeding), an orc wizard, a giant mite and an orc.

Vanquished Creatures
  3 adders
  2 worms (D:2)
  7 giant geckos
  An ooze (D:2)
  6 orcs
  2 giant cockroaches (D:1)
  5 goblins
  6 hobgoblins
  7 bats
  5 giant newts
  6 kobolds
  18 rats
68 creatures vanquished.

Notes
Turn   | Place    | Note
--------------------------------------------------------------
     0 | D:1      | SquirrelVicious, the Troll Monk, began the quest for the Orb.
     0 | D:1      | Reached XP level 1. HP: 22/22 MP: 1/1
   147 | D:1      | Reached XP level 2. HP: 29/29 MP: 1/1
   480 | D:2      | Reached XP level 3. HP: 36/36 MP: 2/2
   602 | D:2      | Found a blossoming altar of Fedhas.
   812 | D:2      | Reached XP level 4. HP: 41/44 MP: 2/2
  1132 | D:3      | Reached skill level 5 in Unarmed Combat
  2073 | D:4      | HP: 1/44 [orc priest/divine providence (13)]
  2074 | D:4      | Slain by an orc priest

Action                   |  1- 3 |  4- 6 || total
-------------------------+-------+-------++-------
Melee: Unarmed           |   100 |    69 ||   169
 Stab: Sleeping          |     2 |       ||     2
  Eat: Chunk             |     4 |    10 ||    14
       Bread ration      |       |     1 ||     1
